Cogmind - Beta 14 @@@ ROGUE MODE // 2024.09.04 @ 05:10:30 Player: Anaia Result: Destroyed by G-47 Trooper with Particle Gun Performance ------------- Evolutions (0) 0 Regions Visited (2) 400 Robots Destroyed (12) 60 Value Destroyed (201) 201 Prototype IDs (0) 0 Alien Tech Used (0) 0 Bonus (0) 0 TOTAL SCORE: 661 Bonus ------- None Cogmind --------- Core Integrity 0/250 Matter 293/300 Energy 113/125 System Corruption 0% Temperature Hot (212) Movement Rolling (95) Ox1 Location -10/Mines Parts ------- > --- POWER (1) -------- Light Ion Engine > --- PROPULSION (2) --- Wheel > --- UTILITY (2) ------ Medium Storage Unit Targeting Computer > --- WEAPON (2) ------- Spread Laser Spread Laser > --- INVENTORY (10) --- Medium Battery (150) Large Matter Pod (44) Improved Terrain Scanner Light Armor Plating EM Pulse Gun Grenade Launcher Rocket Launcher Peak State ------------ > --- POWER ------------ Light Ion Engine > --- PROPULSION ------- Aluminum Leg Aluminum Leg > --- UTILITY ---------- Improved Terrain Scanner Targeting Computer > --- WEAPON ----------- EM Pulse Gun Spread Laser > --- INVENTORY -------- Light Ion Engine Small Matter Pod Rocket Launcher Rocket Launcher [Rating: 10] Favorites ----------- Power Light Ion Engine Engine Light Ion Engine Propulsion Aluminum Leg Leg Aluminum Leg Wheel Wheel Utility Targeting Computer Device Improved Terrain Scanner Storage Medium Storage Unit Processor Targeting Computer Weapon Spread Laser Energy Gun Spread Laser Launcher Rocket Launcher Build | -11 -10 -10 ------- Run | Yrd Mat Min Slots Evolved . | . . . Power . | . . . Propulsion . | . . . Utility . | . . . Weapon . | . . . Parts Attached 19 | 6 2 11 Power 3 | 1 . 2 Engine 3 | 1 . 2 Core . | . . . Reactor . | . . . Propulsion 4 | 2 . 2 Treads . | . . . Leg 2 | 2 . . Wheel 2 | . . 2 Hover . | . . . Flight . | . . . Utility 3 | 1 1 1 Device 1 | 1 . . Storage 1 | . . 1 Processor 1 | . 1 . Hackware . | . . . Protection . | . . . Artifact . | . . . Weapon 9 | 2 1 6 Energy Gun 6 | 2 1 3 Energy Cannon . | . . . Ballistic Gun . | . . . Ballistic Cannon . | . . . Launcher 3 | . . 3 Special Weapon . | . . . Impact Weapon . | . . . Slashing Weapon . | . . . Piercing Weapon . | . . . Special Melee Weapon . | . . . Unidentified Prototypes . | . . . Parts Lost 6 | . . 6 Power 2 | . . 2 Propulsion 3 | . . 3 Utility . | . . . Weapon 1 | . . 1 Highest Loss Streak 5 | . . 5 To Critical Strikes . | . . . Average Slot Usage (%) 93 | . 90 96 Engine 13 | . 14 12 Leg 22 | . 28 17 Wheel 4 | . . 7 Device 5 | . 14 . Storage 8 | . . 13 Processor 10 | . 4 14 Energy Gun 26 | . 28 25 Launcher 1 | . . 2 Peak Build Rating 10 | 8 10 10 Average Rating 8 | 3 8 9 On Entrance 6 | . 8 10 Naked Turns . | . . . Heaviest Build 21 | 7 9 21 Greatest Support 20 | 20 20 20 Greatest Overweight (x) 6 | . . 6 Average Overweight (x) . | . . . Largest Inventory Capacity 10 | 5 5 10 Average Capacity 7 | 5 5 9 Most Carried 9 | 5 5 9 Average Carried 5 | 2 4 7 Final Capacity 10 | 5 5 10 Final Carried 7 | 4 5 7 Class Distribution -------------------- 100% | Mutant Dominant Class ---------------- Mutant | -10/Materials Mutant | -10/Mines Resources | -11 -10 -10 ----------- Run | Yrd Mat Min Matter Collected 567 | 310 20 237 Remotely . | . . . Salvage Created 325 | 116 151 58 Parts 18 | 9 8 1 Haulers Intercepted 1 | . 1 . Recyclers Shooed 2 | . 2 . Parts Field Recycled . | . . . Retrieved Matter . | . . . Parts Self-Destructed . | . . . Prevented . | . . . Kills | -11 -10 -10 ------- Run | Yrd Mat Min Combat Hostiles Destroyed 14 | 1 1 12 Guns 7 | 1 1 5 AOE 7 | . . 7 Classes Destroyed 8 | 3 2 3 Worker 2 | 1 1 . Tunneler 2 | 2 . . Hauler 1 | . 1 . Watcher 2 | . 2 . Swarmer 2 | . . 2 Grunt 2 | 1 1 . Demolisher 1 | . . 1 Assembled 9 | . . 9 Best Kill Streak 9 | 2 2 9 Combat Bots Only 9 | 1 1 9 Max Kills in Single Turn 2 | 1 1 2 Gunslinging . | . . . Exploded 2 | . . 2 Melee . | . . . Uniques/NPCs Destroyed . | . . . Combat | -11 -10 -10 -------- Run | Yrd Mat Min Hostile Shots Fired 48 | 1 2 45 Missed 12 | . 1 11 Damage Taken 787 | 10 11 766 Core 267 | . . 267 Absorbed by Shields . | . . . Core Remaining (%) 100 | 100 . . Volleys Fired 43 | 10 14 19 Largest 2 | 2 2 2 Hottest 130 | 80 105 130 Shots Fired 80 | 20 24 36 Gun 69 | 20 24 25 Cannon . | . . . Launcher 11 | . . 11 Special . | . . . Kinetic . | . . . Thermal 42 | 10 10 22 Explosive 11 | . . 11 Electromagnetic 27 | 10 14 3 Robot Hit Streak 9 | 6 9 5 Robot Miss Streak 14 | 2 10 14 Penetration Max . | . . . Secondary Targets 1 | . . 1 Max Gunslinging Chain 1 | . . 1 Shots Hit Robots 45 | 14 12 19 Core Hits 52 | 5 11 36 Critical Kills . | . . . Critical Parts Destroyed . | . . . Critical Strikes . | . . . Melee Attacks . | . . . Impact . | . . . Slashing . | . . . Piercing . | . . . Sneak Attacks . | . . . Combat Hostiles . | . . . Follow-up Attacks . | . . . Damage Inflicted 1153 | 167 198 788 Guns 591 | 167 198 226 Cannons . | . . . Explosions 562 | . . 562 Melee . | . . . Ramming . | . . . Kinetic . | . . . Thermal 393 | 89 78 226 Explosive 562 | . . 562 Electromagnetic 198 | 78 120 . Impact . | . . . Slashing . | . . . Piercing . | . . . Highest Corruption . | . . . Average Corruption . | . . . Corruption Purged . | . . . Corruption Blocked . | . . . Overload Shots . | . . . Overflow Damage 34 | . . 34 Projectiles . | . . . Explosions 34 | . . 34 Melee . | . . . Knockbacks . | . . . Impact . | . . . Kinetic . | . . . Secondary . | . . . Self-Inflicted Damage 117 | . . 117 Shots 4 | . . 4 Rammed . | . . . Targets Rammed . | . . . Kicked . | . . . Crushed . | . . . Highest Temperature 267 | 72 162 267 Average Temperature 64 | 29 58 89 Received Heat Transfer 140 | 6 6 128 Siege Activations . | . . . Robots Corrupted . | . . . Combat Hostiles . | . . . Parts Fried . | . . . Impact Corruptions . | . . . Robots Melted . | . . . Combat Hostiles . | . . . Parts Melted . | . . . Heat Transferred 600 | 200 115 285 Parts Sabotaged . | . . . Parts Stolen . | . . . Parts Stripped . | . . . Power Chain Reactions . | . . . Alert | -11 -10 -10 ------- Run | Yrd Mat Min Peak Influence 161 | 35 108 161 Initial 42 | . 22 42 Average 56 | 15 42 77 Maximum Alert Level . | . . . Low Security (%) 100 | 100 100 100 Level 1 . | . . . Level 2 . | . . . Level 3 . | . . . Level 4 . | . . . Level 5 . | . . . High Security . | . . . Max Security . | . . . Squads Dispatched 1 | . 1 . Investigation 1 | . 1 . Extermination . | . . . Reinforcement . | . . . Assault . | . . . Garrison . | . . . Intercept . | . . . Searches Triggered . | . . . Construction Impeded . | . . . Haulers Reinforced . | . . . Active Scanning Responses . | . . . Cargo Convoy Interrupts . | . . . Stealth | -11 -10 -10 --------- Run | Yrd Mat Min Distress Signals . | . . . Communications Jammed . | . . . Distress Signals . | . . . Times Spotted 22 | 1 3 18 Peak Tracking Total 7 | 1 1 7 Tactical Retreats 2 | . . 2 Traps | -11 -10 -10 ------- Run | Yrd Mat Min Traps Triggered 1 | . 1 . Indirectly . | . . . Trap Hack Attempts . | . . . Triggered . | . . . Disarmed . | . . . Reprogrammed . | . . . Reused . | . . . Traps Extracted . | . . . Installed . | . . . Triggered . | . . . Machines | -11 -10 -10 ---------- Run | Yrd Mat Min Machines Disabled 1 | . 1 . Max in Single Turn 1 | . 1 . Machines Repaired . | . . . Machines Dismantled . | . . . Machines Sabotaged . | . . . Overloaded Fab Kills . | . . . Hacking | -11 -10 -10 --------- Run | Yrd Mat Min Machines Accessed 1 | . 1 . Terminals 1 | . 1 . Fabricators . | . . . Repair Stations . | . . . Recycling Units . | . . . Scanalyzers . | . . . Garrison Access . | . . . Total Hacks 2 | . 2 . Successful . | . . . Failed 2 | . 2 . Catastrophic 1 | . 1 . Database Lockouts . | . . . Manual . | . . . Terminals 2 | . 2 . Fabricators . | . . . Repair Stations . | . . . Recycling Units . | . . . Scanalyzers . | . . . Garrison Access . | . . . Terminal Hacks . | . . . Fabricator Hacks . | . . . Repair Station Hacks . | . . . Recycling Unit Hacks . | . . . Scanalyzer . | . . . Garrison Access Hacks . | . . . Unauthorized Hacks . | . . . Terminals . | . . . Fabricators . | . . . Repair Stations . | . . . Recycling Units . | . . . Scanalyzers . | . . . Garrison Access . | . . . Data Cores Recovered . | . . . Used . | . . . Hacking Detections 1 | . 1 . Full Trace Events . | . . . Feedback Events . | . . . Feedback Blocked . | . . . Robot Schematics Acquired . | . . . Robots Built . | . . . Authchips . | . . . Time . | . . . Total Robot Build Rating . | . . . Part Schematics Acquired . | . . . Parts Built . | . . . Authchips . | . . . Time . | . . . Total Part Build Rating . | . . . Parts Repaired . | . . . Time . | . . . Parts Recycled . | . . . Recycled Matter . | . . . Retrieved Matter . | . . . Retrieved Components . | . . . Parts Scanalyzed . | . . . Part Schematics Acquired . | . . . Parts Damaged . | . . . Bothacking | -11 -10 -10 ------------ Run | Yrd Mat Min Used RIF Installer . | . . . Robots Hacked . | . . . Non-combat . | . . . Combat . | . . . Robot Hacks Applied . | . . . Relay Couplers Released . | . . . Fabnet Peak Effective % . | . . . Robots Rewired . | . . . Allies Hacked . | . . . Hacks Repelled . | . . . Allies | -11 -10 -10 -------- Run | Yrd Mat Min Total Allies . | . . . Largest Group . | . . . Highest-Rated Group . | . . . Highest-Rated Ally . | . . . Total Orders . | . . . Ally Attacks . | . . . Total Damage . | . . . Kills . | . . . Allies Corrupted . | . . . Allies Melted . | . . . Intel | -11 -10 -10 ------- Run | Yrd Mat Min Robot Analysis Total . | . . . Derelict Logs Recovered 1 | . . 1 Drone Launches . | . . . Drone Recoveries . | . . . Exploration | -11 -10 -10 ------------- Run | Yrd Mat Min Turns Passed 773 | 111 275 387 Spaces Moved 553 | 76 191 286 Core 40 | 36 . 4 Treads . | . . . Legs 405 | 40 191 174 Wheels 108 | . . 108 Hover . | . . . Flight . | . . . Fastest Speed 50 | 50 120 80 Average Speed 109 | 86 120 108 Slowest Speed 350 | 120 120 350 Overloaded Moves . | . . . Propulsion Burnouts . | . . . Robots Hopped . | . . . Cave-ins Triggered . | . . . Exploration Rate (%) 37 | 7 47 58 Regions Visited 2 Branch Regions 1 Pre-discovered Areas . | . . . Known Exits Taken . | . . . Unknown Exits Taken 2 | 1 1 . Scrap Searched 1 | . . 1 Spaces Dug . | . . . Terrain Destroyed 78 | . . 78 Melee . | . . . Projectile . | . . . AOE 78 | . . 78 Terrain Rammed . | . . . Walls Destroyed . | . . . Machines Disabled . | . . . Actions | -11 -10 -10 --------- Run | Yrd Mat Min Total 640 | 100 215 325 Wait . | . . . Move 551 | 75 190 286 Hop . | . . . Pick Up 22 | 9 5 8 Fast Attach 1 | 1 . . Attach 11 | 5 1 5 Detach . | . . . Swap 7 | . 1 6 Drop 5 | . 4 1 Fire 43 | 10 14 19 Melee . | . . . Ram . | . . . Kick . | . . . Crush . | . . . Escape Stasis . | . . . Rewire . | . . . Trap . | . . . Miscellaneous . | . . . Route ------- -11/Scrapyard -10/Materials (discovered 2 exits: [*Min x2]) -10/Mines (discovered 1 exit: [*Exi]) History --------- Turn | Location | Event 2 | -11/Scrapyard | Met Revision 17 55 | -11/Scrapyard | Discovered new exit (range 8) 112 | -11/Scrapyard | Entered Materials 163 | -10/Materials | Discovered new exit (range 4) 168 | -10/Materials | Discovered new exit (range 12) 185 | -10/Materials | Met 8R-AWN 317 | -10/Materials | Build established: Mutant 387 | -10/Materials | Entered Mines 388 | -10/Mines | Followed 8R-AWN into the Mines 474 | -10/Mines | Discovered new exit (range 5) 575 | -10/Mines | Assembled infested the area 636 | -10/Mines | Core integrity fell below 50% 662 | -10/Mines | Destroyed 9 combat bots 669 | -10/Mines | Lost 5 parts (2p2n1w) 712 | -10/Mines | Core integrity fell below 20% 752 | -10/Mines | Learned Materials stockpile data 774 | -10/Mines | Destroyed by G-47 Trooper with Particle Gun Last Messages --------------- The unstable cave ceiling collapses. U-05 Engineer lays Concrete. Acquired Lgt. Ion Engine. Acquired Wheel. Acquired 17 matter. Acquired Wheel. S-10 Pest destroyed. Acquired 16 matter. Acquired 5 matter. Destroyed Asb. F-torch. as-17326 destroyed. Acquired 11 matter. Acquired 18 matter. Acquired 116 matter. K-01 Serf collects debris. U-05 Engineer lays Concrete. Acquired derelict log, extracted data. Data stored: Materials stockpile data. K-01 Serf collects debris. Wheel destroyed. Map ----- +----------------------------------------------------+ | | | | | | | | | | | | | | | | | | | | | | | | | | | | | | | | | | | | | | | | | | | | | ?????????????????????????????????????????????????? | | ??????????????????????????????####???????????????? | | ??????????####??????######## #???????????????? | | ?????????## ##?????# @ g #???????????????? | | ???????### ####??# ###### g #???????????????? | | ??????## ##?# #???????"" #???????????????? | | ??????# ### #????????? #???????????????? | | ??????# #??????????????????????????? | | ??????## #??????????????????????????? | | ???????## ####### #??????????????????????????? | | ????????## % ##????# #??????????????????????????? | | ?????????# #????# ####???????????????????????? | | ????????## #????# #???????????????????????? | | ????????# ! #????# #???????????????????????? | | ????????# ##????##### #???????????????????????? | | ???#????## ##?????????# #???????????????????????? | | ?????????## #?????###### #???????????????????????? | | ??????????# ####### #???????????????????????? | | ??????????# #### #???????????????????????? | | ??????????## ###### #??# #???????????????????????? | | ???????????# #????# #??# #???????????????????????? | | ???????????# #????# #??# #######????####?????????? | | ???????????# #???## #??# ##??## ##????????? | | ???????????# ##### ##?# #??# #????????? | | ???????????# #?####### #??# ##???????? | | ???????????###### ##??????# #### ##??????? | | ????????????????## ##?????# # #??????? | | ????????????????## ######## #??????? | +----------------------------------------------------+ Best States ------------- Heat Dissipation 25 Energy Generation 10 Energy Capacity 125 Matter Stores 300 Matter Capacity 300 Sight Range 16 Terrain Scan Range 16 Terrain Scan Density 10 Evasion (%) 55 Targeting Accuracy 5 Item Schematics ----------------- None Robot Schematics ------------------ None Fabricated ------------ Nothing Alien Tech Used ----------------- None Achievements -------------- None Challenges ------------ None Game ------ Seed DrainedEncryptedArchive Manual? 0 Play Time 00:17:01 Cumulative 2.2 hours Start 2024.09.04 @ 04:53:59 End 2024.09.04 @ 05:10:30 Sessions 1 Manual Loads 0 Difficulty Rogue Special Mode None Game No. 3 Rogue 3 Adventurer 0 Explorer 0 Win Type - Total 0 Types 0/0/0/0/0/0/0/0/0 Lore% 1 Gallery% 4 Achievement% 4 Wizard Run 0 Options --------- Layout 1 ASCII 0 Keyboard 0 Movement Mouse Keybinds 0 Fullscreen 1 Font 24/X11 Map View 50x35 Zoom Use 0% Tactical HUD 0 Map Filters NONE Filters NONE Steam 1 RUN: e388b549-a490-45a5-9924-bd46f1006e1f